 Dungeon Crawl Stone Soup version 0.29.1-1-gd02db6906a (webtiles) character file.

Game seed: 11243160963616222014

117 safid the Shooter (level 4, -1/38 HPs)
             Began as a Minotaur Hunter on Oct 4, 2022.
             Slain by Terence
             ... wielding a +0 flail
              (10 damage)
             ... on level 2 of the Dungeon.
             The game lasted 00:02:20 (1319 turns).

safid the Shooter (Minotaur Hunter)                 Turns: 1319, Time: 00:02:20

Health: -1/38      AC:  3    Str: 15    XL:     4   Next: 71%
Magic:  3/3        EV: 12    Int:  6    God:
Gold:   76         SH:  0    Dex: 22    Spells: 3/3 levels left

rFire   . . .      SeeInvis .   a - +0 shortbow
rCold   . . .      Faith    .   (shield currently unavailable)
rNeg    . . .      Spirit   .   c - +0 leather armour
rPois   .          Reflect  .   (helmet restricted)
rElec   .          Harm     .   (no cloak)
rCorr   +          Rampage  .   (no gloves)
Will    .....                   (no boots)
Stlth   ++........              (no amulet)
HPRegen 0.12/turn               e - +6 ring of dexterity
MPRegen 0.08/turn               f - ring of resist corrosion

@: no status effects
A: horns 2, retaliatory headbutt
a: no special abilities


You were on level 2 of the Dungeon.
You visited 1 branch of the dungeon, and saw 2 of its levels.

You collected 76 gold pieces.

Inventory:

Hand Weapons
 a - a +0 shortbow (weapon)
Missiles
 h - a throwing net
Armour
 c - a +0 leather armour (worn)
Jewellery
 e - a +6 ring of dexterity (left hand)
 f - a ring of resist corrosion (right hand)
Scrolls
 b - a scroll of immolation
 i - a scroll of silence {unknown}
 j - 2 scrolls of identify {unknown}
 m - a scroll of magic mapping {unknown}
Potions
 d - a potion of magic {unknown}
 g - a potion of lignification {unknown}
 k - a potion of brilliance {unknown}
 l - a potion of attraction {unknown}


   Skills:
 - Level 3.0 Fighting
 + Level 6.5 Ranged Weapons
 - Level 2.1 Dodging
 - Level 0.7 Stealth


You had 3 spell levels left.
You didn't know any spells.
Your spell library contained the following spells:

 Spells                   Type           Power      Damage    Failure   Level
 Foxfire                  Conj/Fire      0%         2x1d4     52%         1


Dungeon Overview and Level Annotations

Branches:
Dungeon (2/15)

Altars:

Shops:
D:1 (

Annotations:
D:2 Terence


Innate Abilities, Weirdness & Mutations

You have a pair of horns on your head.
You reflexively headbutt those who attack you in melee.


Message History

An adder comes into view.
Terence closely misses you.
You shoot an arrow. The arrow closely misses Terence.
The arrow hits the ball python but does no damage.
Terence shouts, "Now you die!" Terence barely misses you.
You furiously retaliate!
You headbutt Terence, but do no damage. You shoot an arrow.
The arrow hits Terence.
Terence is moderately wounded.
Terence hits you with a +0 flail. x2
You shoot an arrow. The arrow hits Terence.
Terence is heavily wounded.
Terence hits you with a +0 flail.
You shoot an arrow. The arrow hits Terence.
Terence is severely wounded.
Terence hits you with a +0 flail!
You are too injured to fight recklessly!
You are too injured to fight recklessly!
You are too injured to fight recklessly!
Fire: a) +0 shortbow
Press: ? - help, Q - select action, (/) - cycle Shift-Dir - straight line, f/p - Terence
Aim: Terence, wielding a +0 flail and wearing a +0 chain mail (severely wounded, 73% to hit)
You shoot an arrow. The arrow hits Terence.
Terence is almost dead.
Terence barely misses you.
Fire: a) +0 shortbow
Press: ? - help, Q - select action, (/) - cycle Shift-Dir - straight line, f/p - Terence
Aim: Terence, wielding a +0 flail and wearing a +0 chain mail (severely wounded, 73% to hit)
You shoot an arrow. The arrow hits Terence.
Terence is almost dead.
Terence hits you with a +0 flail!
* * * LOW HITPOINT WARNING * * *
Terence barely misses you.
Fire: a) +0 shortbow
Press: ? - help, Q - select action, (/) - cycle Shift-Dir - straight line, f/p - Terence
Aim: Terence, wielding a +0 flail and wearing a +0 chain mail (almost dead, 73% to hit)
You shoot an arrow. The arrow barely misses Terence.
The arrow barely misses the adder.
Terence hits you with a +0 flail!
You die...

..####...|....[..
...........######
..####.†...# #.....#
##...### # ##.....##
##.# #.......##
.....
#.........####...#.#
+.........'.@@S.....
#.........####S..#.#
##.......## ..#
##.....## .# ##...##
.. ##+# .# #


You could see Terence, an adder and a ball python.

Vanquished Creatures
  Natasha (twice) (D:2)
  3 adders (D:2)
  A dart slug (D:1)
  4 bats
  9 endoplasms
  A giant cockroach (D:1)
  2 goblins (D:1)
  7 hobgoblins
  A ball python (D:1)
  2 frilled lizards
  2 kobolds (D:1)
  4 rats
38 creatures vanquished.

Notes
Turn   | Place    | Note
-------+----------+-------------------------------------------
     0 | D:1      | safid the Minotaur Hunter began the quest for the Orb.
     0 | D:1      | Reached XP level 1. HP: 18/18 MP: 0/0
    68 | D:1      | Reached XP level 2. HP: 26/26 MP: 1/1
    68 | D:1      | Found a faded altar of an unknown god.
    79 | D:1      | Got Plato's Treatise on Ignition
   175 | D:1      | Reached skill level 5 in Ranged Weapons
   527 | D:1      | Reached XP level 3. HP: 31/31 MP: 2/2
   544 | D:1      | Found Utuneq's Antique Weapon Shop.
   877 | D:2      | Noticed Natasha
   887 | D:2      | Killed Natasha
   992 | D:2      | Noticed Natasha
   995 | D:2      | Killed Natasha
   996 | D:2      | Reached skill level 6 in Ranged Weapons
   996 | D:2      | Reached XP level 4. HP: 38/38 MP: 3/3
  1308 | D:2      | Noticed Terence
  1319 | D:2      | Slain by Terence

Illustrated notes

Levels and vault maps discovered:
D:1:      lightli_arrival_noodles, layout_basic,
          shapermc_ecumenical_altar_rom_forum, serial_shops, shop,
          minmay_splitting_lines, kennysheep_boxes
D:2:      layout_loops_corners, uniq_natasha, uniq_terence,
          uniq_crazy_yiuf_cottage

Skill      XL: |  1  2  3 |
---------------+----------+-----
Fighting       | 3 |  3.0
Ranged Weapons | 5 6 |  6.5
Dodging        | |  2.1
Stealth        | |  0.7

Action                   |  1- 3 |  4- 6 || total
-------------------------+-------+-------++-------
 Fire: Shortbow          |    83 |    35 ||   118
Armor: Leather armour    |     4 |     2 ||     6
Dodge: Dodged            |    14 |    13 ||    27
